 Dungeon Crawl Stone Soup version 0.20-a0-526-g753eaab (webtiles) character file.

60802 Klosterheim the Brawler (level 14, 0/146 HPs)
             Began as a Troll Monk on Jan 27, 2017.
             Was a Follower of Uskayaw.
             Slain by a five-headed hydra (7 damage)
             ... on level 15 of the Dungeon.
             The game lasted 01:00:55 (17584 turns).

Klosterheim the Brawler (Troll Monk)               Turns: 17584, Time: 01:00:56

Health: 0/146      AC: 11    Str: 26    XL:     14   Next: 58%
Magic:  19/19      EV: 21    Int:  6    God:    Uskayaw [*.....]
Gold:   1242       SH:  0    Dex: 20    Spells: 12/13 levels left

rFire    . . .     SeeInvis .   O - +2 scimitar (flame)
rCold    . . .     Gourm    +   H - +0 troll leather armour
rNeg     . . .     Faith    .   (no shield)
rPois    .         Spirit   .   S - +2 hat
rElec    .         Reflect  .   y - +1 cloak
rCorr    +         Harm     .   (gloves unavailable)
MR       +....                  (boots unavailable)
Stlth    +++.......             (no amulet)
Regen    1.2/turn               w - +3 ring of dexterity
                                k - ring of resist corrosion

@: agile
A: unfitting armour, claws 3, hooves 1, fast metabolism 3, gourmand,
regeneration 1, shaggy fur 1, tough skin 2
a: Stomp, Renounce Religion


You were on level 15 of the Dungeon.
You worshipped Uskayaw.
Uskayaw was aware of your devotion.
You were completely stuffed.

You visited 2 branches of the dungeon, and saw 21 of its levels.

You collected 1242 gold pieces.

Inventory:

Hand Weapons
 O - a +2 scimitar of flaming (weapon)
Armour
 y - a +1 cloak (worn)
 H - a +0 troll leather armour (worn)
 S - a +2 hat (worn)
Jewellery
 k - a ring of resist corrosion (left claw)
 w - a +3 ring of dexterity (right claw)
Wands
 C - a wand of digging (7/24)
 R - a wand of disintegration (4/24)
Scrolls
 a - a scroll of fog
 e - a scroll of enchant armour
 f - 4 scrolls of recharging
 h - a scroll of fear
 p - a scroll of teleportation
 q - a scroll of amnesia
 x - 3 scrolls of identify
 B - 2 scrolls of magic mapping
 E - 7 scrolls of remove curse
 Q - a scroll of blinking
Potions
 c - 2 potions of haste
 g - a potion of cure mutation
 l - 4 potions of curing
 m - 6 potions of heal wounds
 r - a potion of might
 s - a potion of magic
 u - 2 potions of berserk rage
 z - a potion of lignification
 A - 2 potions of invisibility
 D - a potion of cancellation
 G - 3 potions of brilliance
Miscellaneous
 i - a lamp of fire
 F - a fan of gales
 P - a lightning rod (4/4)
 V - a lamp of fire
 W - a sack of spiders
Comestibles
 b - 11 bread rations
 j - 18 fruits
 n - 8 meat rations
 o - 8 chunks of flesh
 v - 11 royal jellies


   Skills:
 * Level 11.3 Fighting
 + Level 9.0 Dodging
 - Level 1.0 Stealth
 + Level 16.8 Unarmed Combat
 + Level 9.2 Invocations
 - Level 1.0 Evocations


You had 12 spell levels left.
You knew the following spells:

 Your Spells              Type           Power        Failure   Level  Hunger
a - Apportation           Tloc           #.....       61%         1    ##.....


Dungeon Overview and Level Annotations

Branches:
Dungeon (15/15)            Temple (0/1) D:5            Lair (6/6) D:9
 Shoals (0/4) Lair:4       Spider (0/4) Lair:2        Slime (0/5) Lair:5
 Vaults (0/5) D:13
    Orc: D:9-12      Depths: D:15

Altars:
Cheibriados
Dithmenos
Elyvilon
Gozag
Kikubaaqudgha
Nemelex Xobeh
Sif Muna
Uskayaw
Xom
Yredelemnul
Zin

Portals:
Trove: D:12 (give +3 storm dragon scales)

Annotations:
D:11 Urug
D:13 exclusion: door
Lair:3 exclusion: oklob plant


Innate Abilities, Weirdness & Mutations

You are too large for most types of armour.
You have claws for hands.
Your metabolism is lightning-fast.
You like to eat raw meat.
Your natural rate of healing is unusually fast.
You are covered in fur. (AC +1)
You have very tough skin. (AC +2)
You have large cloven feet.


Message History

The five-headed hydra bites you.
* * * LOW HITPOINT WARNING * * *
The five-headed hydra bites you.
* * * LOW HITPOINT WARNING * * *
The five-headed hydra bites you.
* * * LOW HITPOINT WARNING * * *
The five-headed hydra closely misses you.
You can no longer pass through a line of other dancers.
You feel agile all of a sudden.
The five-headed hydra completely misses you.
You riposte.
You slash the five-headed hydra! You burn the five-headed hydra.
You kick the five-headed hydra, but do no damage.
Your claw misses the five-headed hydra.
The five-headed hydra is severely wounded.
The five-headed hydra bites you!
* * * LOW HITPOINT WARNING * * *
The five-headed hydra bites you!
* * * LOW HITPOINT WARNING * * *
The five-headed hydra bites you!
You die...

###### #....# #
#....#
###.#....#
....#....######
#......'....#
.#.....####.#
#.#.@.# #.#
#.#.D.# #.#
#.....# #.#
#..#...# #.#
#..#)..# #.# #.
#...# #.# #.
#...# #<# #
#...# ###
#.####


You could see a five-headed hydra.

Vanquished Creatures
  Rupert (D:13)
  4 hydras
  2 catoblepae
  A merfolk avatar (Lair:6)
  A death knight (D:14)
  Erica (Lair:2)
  7 two-headed ogres
  A death yak (Lair:6)
  A centaur warrior (D:13)
  Sonja (D:13)
  A sea snake (Lair:6)
  2 unseen horrors
  A wizard (D:13)
  Pikel (D:8)
  The ghost of Feta the Chopper, a novice FoFi of Okawaru (D:7)
  A cyclops (D:12)
  3 ugly things
  4 manticores
  2 deep elf magi
  4 centaur zombies
  Maurice (D:8)
  Joseph (D:9)
  4 black mambas
  7 elephants (Lair:6)
  12 komodo dragons
  6 spiny frogs
  4 rime drakes
  A kobold demonologist (D:8)
  2 hellwings
  5 trolls
  A jumping spider (Lair:2)
  A polar bear (Lair:6)
  A queen bee (D:8)
  A wind drake (Lair:6)
  6 slime creatures (D:13)
  16 blink frogs
  7 hippogriffs
  A meliai zombie (D:13)
  Sigmund (D:2)
  3 shadows
  3 redbacks (Lair:2)
  4 wyverns
  A water elemental (D:13)
  3 wraiths
  30 yaks
  A basilisk (Lair:6)
  2 steam dragons
  6 vampire mosquitoes
  An acid dragon (D:14)
  8 water moccasins
  6 porcupines
  5 sky beasts
  4 orc warriors
  3 black bears
  4 ice beasts
  A phantom (D:4)
  An eye of draining (D:14)
  11 centaurs
  3 necrophages
  3 ogres
  23 wolves
  11 crocodiles
  13 bullfrogs
  A gnoll sergeant (D:10)
  An elf zombie (D:9)
  A wyvern skeleton (D:7)
  5 scorpions
  19 killer bees (D:8)
  5 wights (D:14)
  3 electric eels
  5 crimson imps
  4 human zombies (D:9)
  5 jellies
  A quasit (D:11)
  10 hounds
  12 orc wizards
  A bullfrog skeleton (D:8)
  3 orc priests
  2 human skeletons (D:9)
  4 centaur skeletons
  Terence (D:2)
  2 iguanas
  6 worker ants
  An ogre zombie (D:9)
  A mummy (D:9)
  10 adders
  8 gnolls
  5 shadow imps
  6 oozes (Lair:5)
  4 worms
  A dart slug (D:2)
  5 leopard geckos
  51 orcs
  A ball python (D:4)
  4 giant cockroaches
  2 goblins (D:2)
  6 hobgoblins
  4 jackals (D:3)
  2 quokkas
  3 bats
  A frilled lizard (D:2)
  2 kobolds
  A leopard gecko skeleton (D:4)
  2 quokka skeletons (D:4)
  7 rats
  A fire vortex (D:14)
487 creatures vanquished.

Vanquished Creatures (others)
  4 slaves
  2 orcs (D:9)
  9 fungi
  14 plants (Lair:6)
  A withered plant (D:7)
30 creatures vanquished.

Grand Total: 517 creatures vanquished

Notes
Turn   | Place    | Note
-------+----------+-------------------------------------------
     0 | D:1      | Klosterheim the Troll Monk began the quest for the Orb.
     0 | D:1      | Reached XP level 1. HP: 22/22 MP: 0/0
    49 | D:1      | Reached XP level 2. HP: 2/29 MP: 1/1
   279 | D:1      | You fall through a shaft!
   426 | D:2      | Noticed Terence
   431 | D:2      | Killed Terence
   431 | D:2      | Reached skill level 4 in Unarmed Combat
   431 | D:2      | Reached XP level 3. HP: 33/36 MP: 2/2
   557 | D:2      | Found a glowing silver altar of Zin.
   559 | D:2      | Found a shimmering altar of Xom.
   559 | D:2      | Noticed an angel
   648 | D:2      | Found a faded altar of an unknown god.
   700 | D:2      | Reached XP level 4. HP: 34/44 MP: 3/3
   779 | D:2      | Reached skill level 5 in Unarmed Combat
   805 | D:2      | Noticed Sigmund
   817 | D:2      | Killed Sigmund
   817 | D:2      | Reached skill level 6 in Unarmed Combat
   817 | D:2      | Reached XP level 5. HP: 30/50 MP: 4/4
  2014 | D:3      | Found a hide-covered altar of Uskayaw.
  2154 | D:3      | Found a basalt altar of Yredelemnul.
  2237 | D:3      | Became a worshipper of Uskayaw the Reveler
  2237 | D:3      | Reached * piety under Uskayaw
  2262 | D:4      | Found an opulent altar of Gozag.
  2279 | D:4      | Reached XP level 6. HP: 52/59 MP: 5/5
  2279 | D:4      | Reached ** piety under Uskayaw
  2316 | D:4      | Found a snail-covered altar of Cheibriados.
  2322 | D:4      | Reached skill level 7 in Unarmed Combat
  2458 | D:4      | Reached skill level 1 in Invocations
  2642 | D:4      | Reached XP level 7. HP: 61/66 MP: 5/7
  2651 | D:5      | Entered Level 5 of the Dungeon
  2709 | D:5      | Found a sparkling altar of Nemelex Xobeh.
  2781 | D:5      | Found a shadowy altar of Dithmenos.
  2929 | D:5      | Reached skill level 8 in Unarmed Combat
  3157 | D:5      | Found a staircase to the Ecumenical Temple.
  3473 | D:6      | Reached *** piety under Uskayaw
  3474 | D:6      | Reached XP level 8. HP: 66/76 MP: 7/9
  3648 | D:6      | Reached skill level 9 in Unarmed Combat
  4015 | D:7      | Noticed a hellwing
  4036 | D:7      | Reached **** piety under Uskayaw
  4038 | D:7      | Reached skill level 10 in Unarmed Combat
  4038 | D:7      | Reached XP level 9. HP: 81/85 MP: 10/10
  4107 | D:7      | Reached skill level 5 in Fighting
  4208 | D:8      | Reached skill level 11 in Unarmed Combat
  4337 | D:8      | Noticed a kobold demonologist
  4343 | D:8      | Killed a kobold demonologist
  4586 | D:8      | Noticed a hellwing
  4604 | D:8      | Killed a hellwing
  4604 | D:8      | Reached skill level 5 in Dodging
  4604 | D:8      | Reached XP level 10. HP: 64/98 MP: 6/11
  4661 | D:8      | Noticed a two-headed ogre
  4700 | D:7      | Noticed Feta's ghost (novice FoFi)
  4704 | D:7      | Found a white marble altar of Elyvilon.
  4712 | D:7      | Killed Feta's ghost
  4870 | D:7      | Noticed a red ugly thing
  5290 | D:8      | Killed a two-headed ogre
  5290 | D:8      | Reached skill level 12 in Unarmed Combat
  5384 | D:8      | Noticed Maurice
  5397 | D:8      | Killed Maurice
  5611 | D:8      | Reached ***** piety under Uskayaw
  5618 | D:8      | Reached ****** piety under Uskayaw
  5926 | D:7      | Killed a red ugly thing
  6093 | D:7      | Reached XP level 11. HP: 100/107 MP: 13/13
  6243 | D:9      | Noticed Pikel
  6253 | D:8      | Killed Pikel
  6253 | D:8      | Reached skill level 5 in Invocations
  6493 | D:9      | Reached skill level 13 in Unarmed Combat
  6555 | D:9      | Found an ancient bone altar of Kikubaaqudgha.
  7041 | D:9      | Noticed Joseph
  7053 | D:9      | Killed Joseph
  7179 | D:9      | Noticed a two-headed ogre
  7651 | D:9      | Found a staircase to the Lair.
  7726 | D:9      | Killed a two-headed ogre
  7795 | D:10     | Entered Level 10 of the Dungeon
  8526 | D:10     | Killed an unseen horror
  8768 | D:11     | Noticed Urug
  8965 | D:12     | Found a portal to a secret trove of treasure.
  9116 | D:12     | Reached skill level 14 in Unarmed Combat
  9146 | D:12     | Noticed a cyan ugly thing
  9155 | D:12     | Killed a cyan ugly thing
  9504 | D:12     | Reached XP level 12. HP: 119/119 MP: 15/15
  9590 | D:12     | Noticed a two-headed ogre
  9598 | D:12     | Killed a two-headed ogre
  9774 | D:8      | Learned a level 1 spell: Apportation
 10220 | D:13     | Noticed an ettin
 10274 | D:13     | Noticed a two-headed ogre
 10281 | D:13     | Killed a two-headed ogre
 10569 | D:13     | Noticed a centaur warrior
 10581 | D:13     | Killed a centaur warrior
 10679 | D:13     | Found a gate to the Vaults.
 10679 | D:13     | Noticed a two-headed ogre
 10688 | D:13     | Killed a two-headed ogre
 10688 | D:13     | Reached skill level 15 in Unarmed Combat
 10779 | D:13     | Noticed Sonja
 10901 | D:13     | Killed Sonja
 11057 | D:13     | Noticed a two-headed ogre
 11060 | D:13     | Noticed a two-headed ogre
 11060 | D:13     | Killed a two-headed ogre
 11070 | D:13     | Killed a two-headed ogre
 11107 | D:13     | Noticed a five-headed hydra
 11114 | D:13     | Noticed Rupert
 11117 | D:13     | Killed a ten-headed hydra
 11509 | Lair:1   | Entered Level 1 of the Lair of Beasts
 11708 | Lair:1   | Noticed a six-headed hydra
 11788 | Lair:2   | Found a hole to the Spider Nest.
 11833 | Lair:2   | Noticed Erica
 11841 | Lair:2   | Killed Erica
 11841 | Lair:2   | Reached XP level 13. HP: 104/131 MP: 18/18
 11948 | Lair:3   | Found a snail-covered altar of Cheibriados.
 12052 | Lair:3   | Reached skill level 1 in Evocations
 12784 | Lair:4   | Reached skill level 16 in Unarmed Combat
 12997 | Lair:4   | Found a staircase to the Shoals.
 13679 | Lair:5   | Found a staircase to the Slime Pits.
 14576 | Lair:6   | Entered Level 6 of the Lair of Beasts
 14615 | Lair:6   | Reached skill level 10 in Fighting
 14916 | Lair:6   | Reached XP level 14. HP: 121/144 MP: 14/19
 15739 | Lair:6   | Identified the Guide on Flying Protection
 16438 | D:13     | Killed Rupert
 16903 | D:14     | Found a deep blue altar of Sif Muna.
 17276 | D:14     | Gained mutation: You have large cloven feet. [potion of beneficial mutation]
 17545 | D:15     | Entered Level 15 of the Dungeon
 17584 | D:15     | HP: 7/146 [five-headed hydra (8)]
 17584 | D:15     | Slain by a five-headed hydra

Vault maps used:
D:1:      dpeg_arrival_ratfight, minmay_small_reverse_x
D:2:      minmay_door_path, grunt_temple_overflow_order_and_chaos_1,
          chequers_ecumenical_altar_island, uniq_terence, uniq_sigmund
D:3:      lemuel_coloured_pillars_altar, bh_chokoban, kennysheep_flooded_box
D:4:      cheibriados_altar_1, kennysheep_mini_moat
D:5:      lemuel_doored_altar, temple_statues, first_bread,
          nicolae_dithmenos_shadow_blocks
D:6:      minivault_14, minmay_door_square, minmay_holes
D:7:      cheibrodos_grave_circle, elyvilon_altar_5
D:8:      david_nohive_1, uniq_maurice
D:9:      lemuel_mausoleum_altar_kikubaaqudgha, erik_lair_island, uniq_joseph,
          uniq_pikel
D:11:     orc_0_dummy, uniq_urug
D:12:     enter_trove_2, spider_trap
D:13:     david_vaults_1, kennysheep_cross_bottleneck, kennysheep_just_a_vault,
          uniq_rupert, uniq_sonja
D:14:     hex_tiny, basic_altar, kennysheep_opposing_triangles
D:15:     hangedman_depths_entry_try_elsewhere_first, serial_shops, shop,
          hangedman_abyss_or_decor_slice, uniq_agnes
Lair:1:   grunt_megastairs_2, serial_bayou_shore_b
Lair:2:   nicolae_spider_entry_tight_spaces, uniq_erica
Lair:3:   lemuel_oklob_altar
Lair:4:   shoals_dummy_entry, grunt_megastairs_4
Lair:5:   nicolae_slime_entry_slimehenge
Lair:6:   gammafunk_lair_ancient_temple, lemuel_fruit_fields,
          serial_bayou_shore_b

Skill      XL: |  1  2  3  4  5  6  7  8  9 10 11 12 13 14 |
---------------+-------------------------------------------+-----
Unarmed Combat | 4 6 7 8 10 11 12 14 15 16 | 16.8
Invocations    | 1 2 3 4 6 8 9 |  9.2
Fighting       | 3 4 5 6 8 9 10 11 | 11.3
Dodging        | 3 5 6 8 9 |  9.0
Evocations     | 1 |  1.0
Stealth        | |  1.0

Action                   |  1- 3 |  4- 6 |  7- 9 | 10-12 | 13-15 || total
-------------------------+-------+-------+-------+-------+-------++-------
Melee: Unarmed           |    54 |    99 |   172 |   562 |   540 ||  1427
       Punch             |     2 |     4 |     5 |    50 |    53 ||   114
       Scimitar          |       |       |       |       |    23 ||    23
       Kick              |       |       |       |       |     9 ||     9
Invok: Stomp             |       |     1 |     1 |     6 |     1 ||     9
       Line Pass         |       |       |     4 |     1 |     2 ||     7
Evoke: Wand              |       |       |       |    24 |       ||    24
       Lamp of fire      |       |       |       |     1 |       ||     1
  Use: Scroll            |       |       |    15 |    13 |     9 ||    37
       Potion            |       |       |       |     8 |     5 ||    13
 Stab: Sleeping          |     1 |     3 |     3 |     6 |     1 ||    14
       Paralysed         |       |       |     3 |    20 |    48 ||    71
       Distracted        |       |       |       |     2 |       ||     2
       Petrified         |       |       |       |       |     2 ||     2
  Eat: Chunk             |    12 |    18 |    18 |    68 |    53 ||   169
Armor: Robe              |    14 |    25 |    66 |    47 |       ||   152
       Troll leather arm |       |       |       |   108 |   160 ||   268
Dodge: Dodged            |    24 |    37 |    61 |   334 |   421 ||   877
       Rpst.: Scimitar   |       |       |       |       |     5 ||     5
